 Dungeon Crawl Stone Soup version 0.29.1-14-g9c671dbff4 (webtiles) character file.

Game seed: 13697329140171318575

18 hawla the Firebug (level 3, 0/26 HPs)
             Began as a Meteoran Fire Elementalist on Feb 14, 2023.
             Slain by a gnoll
             ... wielding a +0 halberd
              (17 damage)
             ... on level 4 of the Dungeon.
             The game lasted 00:02:11 (404 turns).

hawla the Firebug (Meteoran Fire Elementalist)       Turns: 404, Time: 00:02:12

Health: 0/26       AC:  2    Str: 10    XL:     3   Next: 5%
Magic:  5/8        EV: 12    Int: 18    God:
Gold:   27         SH:  0    Dex: 14    Spells: 5/8 levels left

rFire   . . .      SeeInvis .   (no weapon)
rCold   . . .      Faith    .   (no shield)
rNeg    . . .      Spirit   .   a - +0 robe
rPois   .          Reflect  .   (no helmet)
rElec   .          Harm     .   (no cloak)
rCorr   .          Rampage  .   (no gloves)
Will    .....                   (no boots)
Stlth   +.........              (no amulet)
HPRegen 0.08/turn               (no ring)
MPRegen 0.11/turn               (no ring)

@: glowing
A: sense surroundings 1, otherworldly, glowing, explore regen
a: no special abilities


You were on level 4 of the Dungeon.
You visited 1 branch of the dungeon, and saw 4 of its levels.

You collected 27 gold pieces.

Inventory:

Armour
 a - a +0 robe (worn)
Jewellery
 f - a ring of positive energy
Potions
 b - a potion of magic
 c - a potion of resistance
 d - a potion of mutation {unknown}
 e - a potion of cancellation {unknown}


   Skills:
 + Level 2.7 Dodging
 - Level 1.4 Stealth
 + Level 3.1 Spellcasting
 + Level 1.3 Conjurations
 + Level 4.2 Fire Magic


You had 5 spell levels left.
You knew the following spells:

 Your Spells              Type           Power      Damage    Failure   Level
a - Foxfire               Conj/Fire      48%        2x1d6     5%          1
b - Scorch                Fire           34%        2d6       4%          2

Your spell library contained the following spells:

 Spells                   Type           Power      Damage    Failure   Level
 Conjure Flame            Conj/Fire      12%        6-21      16%         3
 Inner Flame              Hex/Fire       10%        N/A       21%         3
 Flame Wave               Conj/Fire      12%        2d6       45%         4


Dungeon Overview and Level Annotations

Branches:
Dungeon (4/15) Zot: 1995
 Temple: D:4-7

Altars:
Nemelex Xobeh

Shops:
D:3 ?


Innate Abilities, Weirdness & Mutations

You passively map a small area around you.
You are easily found by Zot.
You glow in the dark.
You regain HP and MP as you explore.


Message History

Found 12 gold pieces and a scroll labelled LAUDAFFUZU.
The quokka attacks as you move away! The quokka bites you.
Found 4 gold pieces.
There is an open door here.
The quokka attacks as you move away!
The quokka bites you but does no damage.
Found a viscous pink potion.
The quokka misses you.
You see here 12 gold pieces.
You now have enough gold to buy a scroll of identify on D:3.
You can access your shopping list by pressing '$'.
You now have 27 gold pieces (gained 12).
The quokka barely misses you.
Cast which spell? (? or * to list) Flames lash the quokka.
You kill the quokka!
The gnoll hits you from afar with a +0 halberd!
Unknown command.
Casting: Scorch (safe; 4% risk of failure)
Confirm with . or Enter, or press ? or * to list all spells.
Okay, then.
You see here a scroll labelled LAUDAFFUZU.
Casting: Scorch (safe; 4% risk of failure)
Confirm with . or Enter, or press ? or * to list all spells.
You conjure some foxfire!
The gnoll barely misses you.
Casting: Foxfire (safe; 5% risk of failure)
Confirm with . or Enter, or press ? or * to list all spells.
You conjure some foxfire!
The foxfire hits the gnoll.
The gnoll is lightly wounded.
The gnoll barely misses you.
The foxfire hits the gnoll.
The gnoll is heavily wounded.
The gnoll throws a throwing net.
The throwing net misses you.
Casting: Foxfire (safe; 5% risk of failure)
Confirm with . or Enter, or press ? or * to list all spells.
You conjure some foxfire!
The foxfire hits the gnoll but does no damage.
The gnoll is heavily wounded.
The foxfire hits the gnoll.
The gnoll is severely wounded.
The gnoll hits you from afar with a +0 halberd!
Ouch! That really hurt!
You die...

,* * ♣♣♣###### *,
* * ♣...#...#,
#+## ........
#...## , ......#*
##.....## #...##
##.......# * *
##§$.####.........
#§v...gg'.........
##@.g####....<....
* * * **#§v.##
##......)# #...!§#
##.....## #.....#
#...## * #.....#
#+## ##...## ##.##
* .# * * ** * ,


You could see 3 gnolls.

Vanquished Creatures
  A worm (D:3)
  2 dart slugs
  2 ball pythons
  A bat (D:2)
  2 hobgoblins
  A quokka (D:4)
  A frilled lizard (D:3)
10 creatures vanquished.

Vanquished Creatures (others)
  32 foxfires
32 creatures vanquished.

Grand Total: 42 creatures vanquished

Notes
Turn   | Place    | Note
-------+----------+-------------------------------------------
     0 | D:1      | hawla the Meteoran Fire Elementalist began the quest for
                  | the Orb.
     0 | D:1      | Reached XP level 1. HP: 14/14 MP: 5/5
   250 | D:2      | Reached skill level 4 in Fire Magic
   250 | D:2      | Reached XP level 2. HP: 15/20 MP: 3/6
   259 | D:3      | Found Ozecoloe's Magic Scroll Shoppe.
   331 | D:3      | Learned a level 2 spell: Scorch
   333 | D:3      | Found a sparkling altar of Nemelex Xobeh.
   365 | D:3      | Reached XP level 3. HP: 22/26 MP: 1/8
   404 | D:4      | Slain by a gnoll

Illustrated notes

Levels and vault maps discovered:
D:1:      elethiomel_arrival_maze, layout_basic
D:2:      layout_basic
D:3:      layout_loops_cross, mainiacjoe_overflow_24_doors, serial_shops,
          nicolae_shop_temple_entry_statues_fountains
D:4:      layout_loops_corners, amcnicky_altar_gilded,
          nicolae_overflow_hallway_of_the_gods, serial_park_tiny_pond,
          minmay_small_thing, uniq_crazy_yiuf_cottage, uniq_blork_the_orc

Skill      XL: |  1  2 |
---------------+-------+-----
Fire Magic     | 4 |  4.2
Spellcasting   | 3 |  3.1
Dodging        | |  2.7
Stealth        | |  1.4
Conjurations   | |  1.3

Action                   || total
-------------------------++-------
Melee: Unarmed           ||     9
 Cast: Foxfire           ||    19
       Scorch            ||     2
  Use: Scroll            ||     3
Armor: Robe              ||    10
Dodge: Dodged            ||    17
